 Dungeon Crawl Stone Soup version 0.29-a0-824-gd827844252 (webtiles) character file.

Game seed: 1269624715176417946

244 wingedge the Chiller (level 6, -1/44 HPs)
             Began as a Gnoll Ice Elementalist on July 10, 2022.
             Succumbed to an orc's poison
             ... on level 4 of the Dungeon.
             The game lasted 00:18:32 (1224 turns).

wingedge the Chiller (Gnoll Ice Elementalist)       Turns: 1224, Time: 00:18:32

Health: -1/44      AC: 11    Str:  7    XL:     6   Next: 10%
Magic:  6/14       EV: 13    Int: 16    God:
Gold:   165        SH:  0    Dex: 13    Spells: 8/15 levels left

rFire   . . .      SeeInvis .   w - +2 flail (venom)
rCold   . . .      Faith    .   (no shield)
rNeg    . . .      Spirit   .   a - +0 robe
rPois   .          Reflect  .   o - +0 helmet
rElec   .          Harm     .   r - +0 cloak
rCorr   .          Rampage  .   (no gloves)
Will    .....                   (no boots)
Stlth   +++.......              (no amulet)
HPRegen 0.14/turn               d - +4 ring of slaying
MPRegen 0.14/turn               (no ring)

@: lethally poisoned (-1 -> -18), ice-armoured, attractive, very slightly
contaminated, hasted, very quick
A: fangs 1, strong nose, distributed training
a: no special abilities


You were on level 4 of the Dungeon.
You visited 1 branch of the dungeon, and saw 5 of its levels.

You collected 165 gold pieces.

Inventory:

Hand Weapons
 e - a +0 short sword
 g - a +0 dagger of speed
 m - a +0 long sword
 u - a +0 halberd
 w - a +2 flail of venom (weapon)
Armour
 a - a +0 robe (worn)
 o - a +0 helmet (worn)
 r - a +0 cloak (worn)
 t - a +0 ring mail
Jewellery
 d - a +4 ring of slaying (left hand)
Scrolls
 b - a scroll of fear {unknown}
 f - a scroll of blinking {unknown}
 h - 2 scrolls of identify {unknown}
 i - a scroll of amnesia {unknown}
 j - a scroll of teleportation
 k - a scroll of vulnerability {unknown}
 n - a scroll of poison {unknown}
 q - a scroll of brand weapon {unknown}
 s - a scroll of summoning {unknown}
 v - a scroll of enchant armour {unknown}
Potions
 c - a potion of curing {unknown}
 l - a potion of attraction


   Skills:
 + Level 1.9 Fighting
 + Level 1.9 Short Blades
 + Level 1.9 Long Blades
 + Level 1.9 Axes
 + Level 1.9 Maces & Flails
 + Level 1.9 Polearms
 + Level 1.9 Staves
 + Level 1.9 Ranged Weapons
 + Level 1.9 Throwing
 + Level 1.9 Armour
 + Level 4.9 Dodging
 + Level 4.5 Stealth
 + Level 1.9 Shields
 + Level 1.9 Unarmed Combat
 + Level 5.3 Spellcasting
 + Level 1.5 Conjurations
 + Level 1.5 Hexes
 + Level 1.5 Summonings
 + Level 1.5 Necromancy
 + Level 1.5 Translocations
 + Level 1.5 Transmutations
 + Level 1.5 Fire Magic
 + Level 7.2 Ice Magic
 + Level 1.5 Air Magic
 + Level 1.5 Earth Magic
 + Level 1.5 Poison Magic
 + Level 2.1 Invocations
 + Level 1.9 Evocations


You had 8 spell levels left.
You knew the following spells:

 Your Spells              Type           Power      Damage    Failure   Level
a - Freeze                Ice            100%       1d11      1%          1
b - Ozocubu's Armour      Ice            27%        N/A       2%          3
c - Frozen Ramparts       Ice            54%        1d7       2%          3

Your spell library contained the following spells:

 Spells                   Type           Power      Damage    Failure   Level
 Blink                    Tloc           18%        N/A       12%         2
 Lesser Beckoning         Tloc           9%         N/A       24%         3
 Hailstorm                Conj/Ice       18%        3d6       24%         4
 Manifold Assault         Tloc           9%         N/A       91%         5


Dungeon Overview and Level Annotations

Branches:
Dungeon (5/15)
 Temple: D:4-7

Altars:

Annotations:
D:4 Edmund


Innate Abilities, Weirdness & Mutations

You have very sharp teeth.
Your uncanny sense of smell can sniff out nearby items.
Your experience applies equally to all skills.


Message History

You barely miss the orc.
The orc is moderately wounded.
A ball python comes into view.
The orc hits you with a +0 whip of venom.
You are poisoned.
The orc barely misses you.
Casting: Freeze (safe; 1% risk of failure)
Confirm with . or Enter, or press ? or * to list all spells.
A film of ice covers your body!
The ball python hisses angrily.
You feel very sick.
You hear a shout!
The orc hits you with a +0 club.
* * * LOW HITPOINT WARNING * * *
The orc completely misses you.
You hear an angry hiss.
Casting: Ozocubu's Armour (dangerous; 2% risk of failure)
Confirm with . or Enter, or press ? or * to list all spells.
Casting: Frozen Ramparts (dangerous; 2% risk of failure)
Press: ? - help, Dir - look around, f - activate You miscast Frozen Ramparts.
You are very lightly contaminated with residual magic.
Nothing appears to happen.
* * * LOW HITPOINT WARNING * * *
You feel very sick. The orc hits you with a +0 club.
* * * LOW HITPOINT WARNING * * *
The orc hits you with a +0 whip of venom.
* * * LOW HITPOINT WARNING * * *
You are more poisoned.
Casting: Frozen Ramparts (dangerous; 2% risk of failure)
Confirm with . or Enter, or press ? or * to list all spells.
Okay, then.
It was a potion of attraction.
You feel attractive to monsters.
* * * LOW HITPOINT WARNING * * *
You feel very sick. The orc hits you but does no damage.
The orc closely misses you.
It was a potion of haste.
You feel yourself speed up.
You die...

#......#).....##..#
#...#..)......##..##
#....).......###...#
#............# ##..#
#...........## #..#
##.........#######)##
##......###........#
###'#####..........
#@.# #..........
......oo##
#########.. ......###
#.. #+#### #.> ###
##### #...#


You could see 2 orcs.

Vanquished Creatures
  An ogre (D:4)
  A bullfrog (D:4)
  5 gnolls (D:4)
  An adder (D:2)
  2 dart slugs (D:1)
  3 orcs
  4 endoplasms
  2 hobgoblins
  2 jackals (D:1)
  3 kobolds
  5 quokkas
  3 ball pythons
  2 bats (D:3)
  A frilled lizard (D:2)
  2 goblins
  2 rats
39 creatures vanquished.

Notes
Turn   | Place    | Note
-------+----------+-------------------------------------------
     0 | D:1      | wingedge the Gnoll Ice Elementalist began the quest for the
                  | Orb.
     0 | D:1      | Reached XP level 1. HP: 13/13 MP: 6/6
   183 | D:1      | Reached XP level 2. HP: 6/19 MP: 7/7
   367 | D:1      | Found a faded altar of an unknown god.
   506 | D:2      | Reached skill level 5 in Spellcasting
   506 | D:2      | Reached XP level 3. HP: 7/25 MP: 5/9
   511 | D:2      | Learned a level 3 spell: Ozocubu's Armour
   515 | D:2      | Learned a level 3 spell: Frozen Ramparts
   725 | D:2      | Reached skill level 1 in Invocations
   840 | D:4      | Noticed Edmund
  1063 | D:4      | Reached skill level 1 in Fighting
  1063 | D:4      | Reached skill level 1 in Short Blades
  1063 | D:4      | Reached skill level 1 in Long Blades
  1063 | D:4      | Reached skill level 1 in Axes
  1063 | D:4      | Reached skill level 1 in Maces & Flails
  1063 | D:4      | Reached skill level 1 in Polearms
  1063 | D:4      | Reached skill level 1 in Staves
  1063 | D:4      | Reached skill level 1 in Ranged Weapons
  1063 | D:4      | Reached skill level 1 in Throwing
  1063 | D:4      | Reached skill level 1 in Armour
  1063 | D:4      | Reached skill level 1 in Shields
  1063 | D:4      | Reached skill level 1 in Unarmed Combat
  1063 | D:4      | Reached skill level 1 in Evocations
  1063 | D:4      | Reached XP level 4. HP: 13/32 MP: 2/11
  1068 | D:4      | Reached skill level 1 in Conjurations
  1068 | D:4      | Reached skill level 1 in Hexes
  1068 | D:4      | Reached skill level 1 in Summonings
  1068 | D:4      | Reached skill level 1 in Necromancy
  1068 | D:4      | Reached skill level 1 in Translocations
  1068 | D:4      | Reached skill level 1 in Transmutations
  1068 | D:4      | Reached skill level 1 in Fire Magic
  1068 | D:4      | Reached skill level 1 in Air Magic
  1068 | D:4      | Reached skill level 1 in Earth Magic
  1068 | D:4      | Reached skill level 1 in Poison Magic
  1100 | D:4      | Noticed an ogre
  1109 | D:4      | Killed an ogre
  1110 | D:4      | Reached XP level 5. HP: 20/37 MP: 0/12
  1172 | D:5      | Entered Level 5 of the Dungeon
  1173 | D:5      | Noticed a black bear
  1193 | D:4      | Reached XP level 6. HP: 22/44 MP: 8/14
  1223 | D:4      | HP: 2/44 [poisoned by an orc]
  1224 | D:4      | Succumbed to an orc's poison

Illustrated notes

Levels and vault maps discovered:
D:1:      matt_arrival_grand_opening, layout_loops_ring,
          dreamdust_ecumenical_altar_grove
D:2:      layout_basic
D:3:      layout_loops_cross
D:4:      layout_basic, temple_hall, kennysheep_potato, uniq_edmund, uniq_ijyb,
          uniq_sigmund
D:5:      layout_gridville, kennysheep_small_circle, uniq_pikel

Skill      XL: |  1  2  3  4  5 |
---------------+----------------+-----
Spellcasting   | 5 |  5.3
Invocations    | 1 2 |  2.1
Fighting       | 1 |  1.9
Short Blades   | 1 |  1.9
Long Blades    | 1 |  1.9
Axes           | 1 |  1.9
Maces & Flails | 1 |  1.9
Polearms       | 1 |  1.9
Staves         | 1 |  1.9
Ranged Weapons | 1 |  1.9
Throwing       | 1 |  1.9
Armour         | 1 |  1.9
Shields        | 1 |  1.9
Unarmed Combat | 1 |  1.9
Evocations     | 1 |  1.9
Conjurations   | 1 |  1.5
Hexes          | 1 |  1.5
Summonings     | 1 |  1.5
Necromancy     | 1 |  1.5
Translocations | 1 |  1.5
Transmutations | 1 |  1.5
Fire Magic     | 1 |  1.5
Air Magic      | 1 |  1.5
Earth Magic    | 1 |  1.5
Poison Magic   | 1 |  1.5
Dodging        | |  4.9
Stealth        | |  4.5
Ice Magic      | |  7.2

Action                   |  1- 3 |  4- 6 || total
-------------------------+-------+-------++-------
Melee: Dagger            |     6 |    13 ||    19
       Bite              |       |     3 ||     3
       Flail             |       |     5 ||     5
Throw: Javelin           |     5 |       ||     5
 Cast: Freeze            |    42 |     4 ||    46
       Ozocubu's Armour  |     3 |     4 ||     7
       Frozen Ramparts   |     2 |     2 ||     4
  Use: Scroll            |     1 |       ||     1
       Potion            |       |     3 ||     3
 Stab: Sleeping          |     1 |     3 ||     4
Armor: Robe              |     1 |     8 ||     9
Dodge: Dodged            |    20 |     8 ||    28

Table legend: (Time is in decaauts)
 A = Elapsed time spent in this place.
 B = Non-inter-level travel time spent in this place.
 C = Inter-level travel time spent in this place.
 D = Time resting spent in this place.
 E = Time spent auto-exploring this place.
 F = Levels seen in this place.
 G = Mean time per level.
                   A        B        C        D        E       F      G
               +--------+--------+--------+--------+--------+-----+--------+
         Total |   1220 |   1220 |      0 |      0 |      0 |   5 |  244.0 |
       Dungeon |   1220 |   1220 |      0 |      0 |      0 |   5 |  244.0 |
               +--------+--------+--------+--------+--------+-----+--------+

Top non-repeatable levels by time:
     D:1: 445 daAuts
     D:2: 318 daAuts
     D:4: 256 daAuts
     D:3: 196 daAuts
     D:5: 2 daAuts
